 Dungeon Crawl Stone Soup version 0.31-a0-182-gc5ef74bbde (webtiles) character file.

Game seed: 17382159110978512905

192 inmateoo the Poker (level 5, 0/43 HPs)
             Began as a Gnoll Reaver on June 21, 2023.
             Slain by Pikel
             ... wielding a +1 whip of electrocution
              (17 damage)
             ... on level 4 of the Dungeon.
             The game lasted 00:05:04 (3223 turns).

inmateoo the Poker (Gnoll Reaver)                   Turns: 3223, Time: 00:05:04

Health: 0/43       AC:  4    Str: 13    XL:     5   Next: 71%
Magic:  12/12      EV: 13    Int: 14    God:
Gold:   156        SH:  0    Dex: 11    Spells: 13/14 levels left

rFire   . . .        a - +1 spear
rCold   . . .        (no shield)
rNeg    . . .        n - +0 leather armour
rPois   .            d - +0 helmet
rElec   .            t - scarf of Hostriut {+Inv, Will+ Str+2}
rCorr   .            (no gloves)
SInv    .            (no boots)
Will    ++...        (no amulet)
Stlth   +            j - ring of willpower
HPRegen 0.27/turn    (no ring)
MPRegen 0.13/turn

%: no passive effects
@: no status effects
A: fangs 1, strong nose, distributed training
a: Evoke Invisibility


You were on level 4 of the Dungeon.
You visited 1 branch of the dungeon, and saw 4 of its levels.

You collected 156 gold pieces.

Inventory:

Hand Weapons
 a - a +1 spear (weapon)
 b - a +0 sling
 o - a +2 dagger of protection
Missiles
 s - 4 boomerangs (quivered)
Armour
 d - a +0 helmet (worn)
 n - a +0 leather armour (worn)
 t - the scarf of Hostriut (worn) {+Inv, Will+ Str+2}
   (You found it on level 4 of the Dungeon)

   Str:       It affects your strength (+2).
   Will:      It increases your willpower.
Magical Staves
 h - a staff of cold
Jewellery
 c - a ring of ice
 j - a ring of willpower (left hand)
 m - a ring of flight
 p - a +4 ring of protection
Wands
 q - a wand of mindburst (4)
Scrolls
 g - 2 scrolls of identify
 k - 2 scrolls of amnesia
 l - a scroll of teleportation
Potions
 e - a potion of ambrosia
 f - a potion of mutation {unknown}
 i - 4 potions of lignification
 r - a potion of attraction {unknown}


   Skills:
 + Level 4.8 Fighting
 + Level 1.6 Short Blades
 + Level 1.6 Long Blades
 + Level 1.6 Axes
 + Level 1.6 Maces & Flails
 + Level 6.7 Polearms
 + Level 1.6 Staves
 + Level 1.6 Ranged Weapons
 + Level 1.6 Throwing
 + Level 1.6 Armour
 + Level 4.8 Dodging
 + Level 1.6 Stealth
 + Level 1.6 Shields
 + Level 1.6 Unarmed Combat
 + Level 5.2 Spellcasting
 + Level 5.6 Conjurations
 + Level 1.3 Hexes
 + Level 1.3 Summonings
 + Level 1.3 Necromancy
 + Level 1.3 Translocations
 + Level 1.3 Transmutations
 + Level 1.3 Fire Magic
 + Level 1.3 Ice Magic
 + Level 1.3 Air Magic
 + Level 1.3 Earth Magic
 + Level 1.3 Poison Magic
 + Level 1.9 Invocations
 + Level 1.6 Evocations


You had 13 spell levels left.
You knew the following spells:

 Your Spells              Type           Power      Damage    Failure   Level
a - Kiss of Death         Conj/Necr      52%        2d9       5%          1

Your spell library contained the following spells:

 Spells                   Type           Power      Damage    Failure   Level
 Magic Dart               Conj           76%        1d6       2%          1
 Momentum Strike          Conj/Tloc      26%        3d8       8%          2
 Hailstorm                Conj/Ice       13%        3d5       16%         3
 Call Imp                 Summ           14%        N/A       19%         2
 Mephitic Cloud           Conj/Pois/Air  11%        N/A       22%         3
 Ice Form                 Ice/Tmut       7%         N/A       77%         4
 Simulacrum               Ice/Necr       3%         N/A       100%        6


Dungeon Overview and Level Annotations

Branches:
Dungeon (4/15)
 Temple: D:4-7

Altars:
Okawaru

Annotations:
D:4 Pikel


Innate Abilities, Weirdness & Mutations

You have very sharp teeth.
Your uncanny sense of smell can sniff out nearby items.
Your experience applies equally to all skills.


Message History

Aiming: Mindburst
Press: ? - help, Shift-Dir - straight line, f/p - Pikel
Aim: Pikel, wielding a +1 whip of electrocution and wearing a +0 robe of willpower (chance to affect: 37%)
Okay, then.
You hit the lemure.
The lemure is lightly wounded.
Aiming: Mindburst
Press: ? - help, Shift-Dir - straight line, f/p - Pikel
Aim: Pikel, wielding a +1 whip of electrocution and wearing a +0 robe of willpower (chance to affect: 37%) Pikel easily resists.
Aiming: Mindburst
Press: ? - help, Shift-Dir - straight line, f/p - Pikel
Aim: Pikel, wielding a +1 whip of electrocution and wearing a +0 robe of willpower (chance to affect: 37%) Pikel easily resists.
Pikel barely misses you.
Aiming: Mindburst
Press: ? - help, Shift-Dir - straight line, f/p - Pikel
Aim: Pikel, wielding a +1 whip of electrocution and wearing a +0 robe of willpower (chance to affect: 37%) Pikel's mind is blasted!
Pikel closely misses you.
Aiming: Mindburst
Press: ? - help, Shift-Dir - straight line, f/p - Pikel
Aim: Pikel, wielding a +1 whip of electrocution and wearing a +0 robe of willpower (moderately wounded, chance to affect: 37%) Pikel's mind is blasted!
Pikel hits you with a +1 whip of electrocution.
Aiming: Mindburst
Press: ? - help, Shift-Dir - straight line, f/p - Pikel
Aim: Pikel, wielding a +1 whip of electrocution and wearing a +0 robe of willpower (severely wounded, chance to affect: 37%) Pikel easily resists.
Pikel hits you with a +1 whip of electrocution.
You are electrocuted!!
Aiming: Mindburst
Press: ? - help, Shift-Dir - straight line, f/p - Pikel
Aim: Pikel, wielding a +1 whip of electrocution and wearing a +0 robe of willpower (severely wounded, chance to affect: 37%) Pikel easily resists.
Pikel barely misses you.
Aiming: Mindburst
Press: ? - help, Shift-Dir - straight line, f/p - Pikel
Aim: Pikel, wielding a +1 whip of electrocution and wearing a +0 robe of willpower (severely wounded, chance to affect: 37%) Pikel easily resists.
Pikel hits you with a +1 whip of electrocution.
You are electrocuted!
You die...

.....###.#............#######....
###### #########'####.......#....
..........#.......#....
..........#.......#....
..........#.......#.... ....5..
#.......#.... .g55 #.......#....
#######K####.......#####
#......@..[.............
#.......................
#.......................
#.......................
#.......................
#.......................
#.......................
#.......................
##############


You could see Pikel, 3 lemures and a hobgoblin.

Vanquished Creatures
  A lemure (D:3)
  An orc wizard (D:3)
  7 adders
  2 worms
  2 dart slugs
  6 orcs
  6 ball pythons
  9 bats
  4 endoplasms (D:1)
  3 giant cockroaches
  11 goblins
  5 hobgoblins (D:2)
  4 jackals (D:2)
  6 kobolds
  5 quokkas
  3 frilled lizards
  6 rats
81 creatures vanquished.

Notes
Turn   | Place    | Note
-------+----------+-------------------------------------------
     0 | D:1      | inmateoo the Gnoll Reaver began the quest for the Orb.
     0 | D:1      | Reached XP level 1. HP: 20/20 MP: 6/6
    65 | D:1      | Reached XP level 2. HP: 26/26 MP: 7/7
   339 | D:1      | Reached skill level 5 in Spellcasting
   339 | D:1      | Reached XP level 3. HP: 26/27 MP: 7/9
   479 | D:2      | Reached skill level 1 in Invocations
   643 | D:2      | Reached skill level 1 in Short Blades
   643 | D:2      | Reached skill level 1 in Long Blades
   643 | D:2      | Reached skill level 1 in Axes
   643 | D:2      | Reached skill level 1 in Maces & Flails
   643 | D:2      | Reached skill level 1 in Staves
   643 | D:2      | Reached skill level 1 in Ranged Weapons
   643 | D:2      | Reached skill level 1 in Throwing
   643 | D:2      | Reached skill level 1 in Armour
   643 | D:2      | Reached skill level 1 in Stealth
   643 | D:2      | Reached skill level 1 in Shields
   643 | D:2      | Reached skill level 1 in Unarmed Combat
   643 | D:2      | Reached skill level 1 in Evocations
   720 | D:2      | Reached XP level 4. HP: 38/38 MP: 11/11
   991 | D:2      | Reached skill level 1 in Hexes
   991 | D:2      | Reached skill level 1 in Summonings
   991 | D:2      | Reached skill level 1 in Necromancy
   991 | D:2      | Reached skill level 1 in Translocations
   991 | D:2      | Reached skill level 1 in Transmutations
   991 | D:2      | Reached skill level 1 in Fire Magic
   991 | D:2      | Reached skill level 1 in Ice Magic
   991 | D:2      | Reached skill level 1 in Air Magic
   991 | D:2      | Reached skill level 1 in Earth Magic
   991 | D:2      | Reached skill level 1 in Poison Magic
  1532 | D:3      | Reached XP level 5. HP: 27/43 MP: 12/12
  2347 | D:3      | Found a faded altar of an unknown god.
  2350 | D:3      | Found an iron altar of Okawaru.
  2759 | D:4      | Noticed a lemure
  2760 | D:4      | Noticed a lemure
  2761 | D:4      | Noticed a lemure
  2762 | D:4      | Noticed Pikel
  2763 | D:4      | Noticed a lemure
  2796 | D:3      | Killed a lemure
  3087 | D:4      | Identified the scarf of Hostriut {+Inv, Will+ Str+2}
  3223 | D:4      | Slain by Pikel

Illustrated notes

Levels and vault maps discovered:
D:1:      mrwooster_arrival_statue_2, layout_rooms, nrook_mini_vaults
D:2:      layout_loops_ring, minmay_goblin_outpost
D:3:      layout_loops_corners, nicolae_overflow_ecumenical_swirl
D:4:      layout_gridville, uniq_pikel

Skill      XL: |  1  2  3  4 |
---------------+-------------+-----
Spellcasting   | 5 |  5.2
Invocations    | 1 |  1.9
Short Blades   | 1 |  1.6
Long Blades    | 1 |  1.6
Axes           | 1 |  1.6
Maces & Flails | 1 |  1.6
Staves         | 1 |  1.6
Ranged Weapons | 1 |  1.6
Throwing       | 1 |  1.6
Armour         | 1 |  1.6
Stealth        | 1 |  1.6
Shields        | 1 |  1.6
Unarmed Combat | 1 |  1.6
Evocations     | 1 |  1.6
Hexes          | 1 |  1.3
Summonings     | 1 |  1.3
Necromancy     | 1 |  1.3
Translocations | 1 |  1.3
Transmutations | 1 |  1.3
Fire Magic     | 1 |  1.3
Ice Magic      | 1 |  1.3
Air Magic      | 1 |  1.3
Earth Magic    | 1 |  1.3
Poison Magic   | 1 |  1.3
Fighting       | |  4.8
Polearms       | |  6.7
Dodging        | |  4.8
Conjurations   | |  5.6

Action                     |  1- 3 |  4- 6 || total
---------------------------+-------+-------++-------
  Melee: Spear             |   101 |   209 ||   310
         Bite              |     7 |    23 ||    30
         Punch             |       |     4 ||     4
         Dagger            |       |    10 ||    10
   Fire: Sling             |    12 |    12 ||    24
   Cast: Kiss of Death     |     1 |       ||     1
  Evoke: Wand              |       |    10 ||    10
    Use: Scroll            |       |    11 ||    11
   Stab: Sleeping          |     1 |     2 ||     3
 Armour: Leather armour    |    15 |    31 ||    46
  Dodge: Dodged            |    55 |    82 ||   137

Table legend: (Time is in decaauts)
 A = Elapsed time spent in this place.
 B = Non-inter-level travel time spent in this place.
 C = Inter-level travel time spent in this place.
 D = Time resting spent in this place.
 E = Time spent auto-exploring this place.
 F = Levels seen in this place.
 G = Mean time per level.
                   A        B        C        D        E       F      G
               +--------+--------+--------+--------+--------+-----+--------+
         Total |   3157 |   3052 |    105 |    609 |   1761 |   4 |  789.2 |
       Dungeon |   3157 |   3052 |    105 |    609 |   1761 |   4 |  789.2 |
               +--------+--------+--------+--------+--------+-----+--------+

Top non-repeatable levels by time:
     D:3: 1294 daAuts
     D:2: 1007 daAuts
     D:1: 446 daAuts
     D:4: 409 daAuts
